 Dungeon Crawl Stone Soup version 0.17-a0-1510-gb3fb22e (webtiles) character file.

86 Bubnilka the Shield-Bearer (level 4, -3/37 HPs)
             Began as a Formicid Fighter on July 11, 2015.
             Slain by a phantom (8 damage)
             ... on level 4 of the Dungeon.
             The game lasted 00:05:40 (2141 turns).

Bubnilka the Shield-Bearer (Formicid Fighter)       Turns: 2141, Time: 00:05:40

Health: -3/37      AC:  7    Str: 21    XL:     4   Next: 77%
Magic:  4/4        EV:  8    Int:  8    God:
Gold:   255        SH:  9    Dex: 10    Spells: 0 memorised, 3 levels left

rFire  . . .     SeeInvis +     a - +0 war axe
rCold  . . .     Clarity  .     b - +0 scale mail
rNeg   . . .     SustAt   .     c - +0 shield
rPois  .         Gourm    .     (helmet unavailable)
rElec  .         Spirit   .     (no cloak)
rCorr  .         Warding  .     (no gloves)
rMut   .         Stasis   +     (no boots)
MR     .....                    (no amulet)
Stlth  ..........               (no ring)
                                (no ring)

@: not resistant to hostile enchantments, extremely unstealthy
A: permanent stasis, dig shafts and tunnels, four strong arms, antennae 3
a: Dig, Shaft Self


You were on level 4 of the Dungeon.
You were not hungry.

You visited 1 branch of the dungeon, and saw 4 of its levels.

You collected 255 gold pieces.

Inventory:

Hand weapons
 a - a +0 war axe (weapon)
 f - a +0 mace of crushing
Armour
 b - a +0 scale mail (worn)
 c - a +0 shield (worn)
Scrolls
 i - a scroll of fear {unknown}
 k - 2 scrolls of identify {unknown}
 n - 2 scrolls of teleportation {unknown}
 o - 2 scrolls of fog {unknown}
 p - a scroll of enchant weapon {unknown}
 q - 2 scrolls of random uselessness {unknown}
Potions
 d - 2 potions of might
 g - 2 potions of heal wounds {unknown}
 h - 2 potions of lignification {unknown}
 j - 2 potions of poison {unknown}
 l - a potion of flight {unknown}
Comestibles
 e - 4 bread rations
 m - a meat ration


   Skills:
 + Level 3.9 Fighting
 + Level 2.8 Axes
 + Level 4.0 Armour
 + Level 4.4 Shields


You had 3 spell levels left.
You didn't know any spells.

Dungeon Overview and Level Annotations

Branches:
Dungeon (4/15)
 Temple: D:4-7

Altars:


Innate Abilities, Weirdness & Mutations

You are under a permanent stasis effect.
You can dig through walls and to a lower floor.
Your four strong arms can wield two-handed weapons with a shield.
You have a pair of large antennae on your head (SInv).


Message History

* * * LOW HITPOINT WARNING * * *
The phantom hits you.
* * * LOW HITPOINT WARNING * * *
The phantom blinks!
The phantom blinks!
You slash the phantom!
The phantom is severely damaged.
The phantom barely misses you.
You barely miss the phantom.
The phantom is severely damaged.
The phantom hits you.
* * * LOW HITPOINT WARNING * * *
You block the phantom's attack.
Your shield prevents you from hitting the phantom.
The phantom is severely damaged.
The phantom hits you but does no damage.
You completely miss the phantom.
The phantom is severely damaged.
The phantom hits you!
You die...

#.......## ##....
#........# ###..###
#...#....# #....#
#.......# ##...#
#..)....# #..##
#......# #..#
#......# #..#
#......# #..#
#..@...# #..#
##..W..## #..#
#......# #..#
##......# ##..#
##.......## ##.^.#
#..........# ##....#
.........†.####...###
..(...............##
.###.............##


You could see a phantom.

Vanquished Creatures
  An adder (D:2)
  A worm (D:3)
  A giant gecko (D:1)
  2 orcs (D:3)
  5 bats
  3 giant cockroaches
  5 hobgoblins
  7 kobolds
  2 quokkas (D:3)
  A giant gecko zombie (D:3)
  2 giant newts
  6 goblins
  17 jackals
  15 rats
68 creatures vanquished.

Notes
Turn   | Place    | Note
--------------------------------------------------------------
     0 | D:1      | Bubnilka the Formicid Fighter began the quest for the Orb.
     0 | D:1      | Reached XP level 1. HP: 18/18 MP: 1/1
   164 | D:1      | Reached XP level 2. HP: 24/24 MP: 2/2
   885 | D:1      | Reached XP level 3. HP: 24/29 MP: 3/3
   971 | D:2      | Reached skill level 4 in Shields
  1080 | D:2      | Reached XP level 4. HP: 28/37 MP: 4/4
  2111 | D:4      | Noticed a phantom
  2141 | D:4      | Slain by a phantom

Vault maps used:
D:1:      dpeg_arrival_ratfight
D:3:      first_bread
D:4:      makhleb_heckhound_becter

Action                   |  1- 3 |  4- 6 || total
-------------------------+-------+-------++-------
Melee: War axe           |   112 |   103 ||   215
  Eat: Chunk             |     1 |     3 ||     4
